 Dungeon Crawl Stone Soup version 0.22-a0-605-g9281fa2 (webtiles) character file.

1015 Amnesiac the Sneak (level 8, 0/37 HPs)
             Began as a Spriggan Transmuter on July 8, 2018.
             Was an Initiate of Ru.
             Killed by divine providence
             ... invoked by an orc priest
              (15 damage)
             ... on level 6 of the Dungeon.
             The game lasted 00:09:02 (5418 turns).

Amnesiac the Sneak (Spriggan Transmuter)            Turns: 5418, Time: 00:09:03

Health: 0/37       AC:  2    Str:  6    XL:     8   Next: 1%
Magic:  18/18      EV: 20    Int: 16    God:    Ru [......]
Gold:   295        SH:  0    Dex: 17    Spells: 16/19 levels left

rFire    . . .     SeeInvis +   b - +2 dagger (drain)
rCold    . . .     Gourm    .   (shield restricted)
rNeg     . . .     Faith    .   f - +0 robe
rPois    .         Spirit   .   (helmet restricted)
rElec    .         Reflect  .   (no cloak)
rCorr    .         Harm     .   (gloves unavailable)
MR       +....                  (boots unavailable)
Stlth    ++++......             E - amulet of regeneration
HPRegen  0.52/turn              (no ring)
MPRegen  0.16/turn              (no ring)

@: very quick
A: very small, unfitting armour, see invisible, herbivore, speed 3, slow
metabolism 2
a: Renounce Religion


You were on level 6 of the Dungeon.
You worshipped Ru.
Ru was noncommittal.
You were not hungry.

You visited 2 branches of the dungeon, and saw 7 of its levels.

You collected 295 gold pieces.

Inventory:

Hand Weapons
 a - a +1 dagger of venom
 b - a +2 dagger of draining (weapon)
 z - the +3 short sword "Undertaker" {pierce, *Noise rElec rN++ Str+2}
   (You found it on level 4 of the Dungeon)

   It inflicts extra damage upon your enemies.
   It affects your strength (+2).
   It insulates you from electricity.
   It greatly protects you from negative energy.
   It may make noises in combat.
Missiles
 x - 25 arrows
Armour
 f - a +0 robe (worn)
Magical Staves
 F - an uncursed staff of energy
Jewellery
 C - an uncursed ring of ice
 E - an amulet of regeneration (around neck)
Wands
 s - a wand of clouds (3)
 t - a wand of paralysis (17)
 y - a wand of disintegration (3)
Scrolls
 e - 3 scrolls of remove curse {!r}
 g - 2 scrolls of enchant weapon {!r, unknown}
 h - 4 scrolls of identify {!r, unknown}
 i - a scroll of fog {!r, unknown}
 n - a scroll of noise {!r, unknown}
 o - a scroll of amnesia {!r, unknown}
 p - 4 scrolls of teleportation {!r, unknown}
 v - 3 scrolls of fear {!r, unknown}
 D - a scroll of magic mapping {!r, unknown}
 G - a scroll of blinking {!r, unknown}
Potions
 c - 2 potions of brilliance {!q, unknown}
 j - 2 potions of lignification {!q, unknown}
 k - a potion of flight {!q, unknown}
 l - 2 potions of might {!q, unknown}
 m - 4 potions of haste {!q, unknown}
 q - 6 potions of curing {!q, unknown}
 r - 2 potions of agility {!q, unknown}
 u - a potion of mutation {!q, unknown}
 w - a potion of cancellation {!q, unknown}
 A - a potion of degeneration {!q, unknown}
 B - a potion of berserk rage {!q, unknown}
Comestibles
 d - 7 rations


   Skills:
 - Level 1.0 Fighting
 * Level 6.6 Short Blades
 - Level 4.5 Dodging
 + Level 6.6 Stealth
 - Level 2.4 Unarmed Combat
 - Level 6.0 Spellcasting
 - Level 3.0 Transmutations


You had 16 spell levels left.
You knew the following spells:

 Your Spells              Type           Power        Failure   Level  Hunger
a - Beastly Appendage     Tmut           ##....       4%          1    None
b - Sticks to Snakes      Tmut           ##......     6%          2    #......

Your spell library contained the following spells:

 Spells                   Type           Power        Failure   Level  Hunger
 Spider Form              Tmut/Pois      #.........   22%         3    ##.....
 Blade Hands              Tmut           ##........   73%         5    ######.
 Ice Form                 Ice/Tmut       #.......     58%         4    ####...


Dungeon Overview and Level Annotations

Branches:
Dungeon (6/15)             Temple (1/1) D:4

Altars:
Ashenzari
Dithmenos
Elyvilon
Fedhas
Hepliaklqana
Kikubaaqudgha
Makhleb
Nemelex Xobeh
Okawaru
Qazlal
Ru
Trog
Uskayaw
Wu Jian
Xom
Yredelemnul
Zin
The Shining One

Annotations:
D:3 1 runed door, Hebeh's ghost, amateur MiFi


Innate Abilities, Weirdness & Mutations

You are very small and have problems with some larger weapons.
You are too small for most types of armour.
You have supernaturally acute eyesight. (SInv)
You are a herbivore.
You cover ground extremely quickly.
You need to consume almost no food.


Message History

No target in view!
You start resting.
HP restored.
Things that are here:
a club; a leather armour; an orc corpse
There is an open door here.
You see here a tomahawk.
Items here: ( )) [ a club; a tomahawk; a short sword; a leather armour
Items here: )) [ † a dagger; a robe; a trident; an orc corpse
Items here: ( )) [ a club; a tomahawk; a short sword; a leather armour
There is an open door here.
You see here a tomahawk.
An orc priest comes into view. It is wielding a short sword.
An orc priest is nearby!
An orc priest is nearby!
An orc and an orc wizard come into view.
Found a stone staircase leading down.
The orc priest shouts!
The orc wizard shouts!
The orc shouts!
The orc priest misses you.
You hit the orc priest but do no damage.
The orc priest closely misses you. The orc wizard casts a spell at you.
The puff of flame hits you!
You hit the orc priest but do no damage.
You drain the orc priest!
The orc priest is moderately wounded.
You barely miss the orc priest.
The orc priest is moderately wounded.
A phantom comes into view.
The orc closely misses you.
The orc priest hits you with a short sword.
You hit the orc but do no damage. The orc closely misses you.
The phantom blinks!
The orc priest closely misses you.
The orc wizard hits you but does no damage.
You hit the orc wizard. You drain the orc wizard!
The orc wizard is heavily wounded.
You hit the orc priest but do no damage.
You drain the orc priest!
The orc priest is heavily wounded.
The orc misses you. The orc priest barely misses you.
The orc wizard completely misses you.
You hit the orc. You drain the orc!
You kill the orc!
The orc priest begins to cast a cantrip, but forgets the words!
The orc wizard barely misses you.
You barely miss the orc priest.
The orc priest is heavily wounded.
You hit the orc wizard but do no damage.
The orc wizard is heavily wounded.
The orc priest mumbles some strange prayers to Beogh against you.
Beogh smites you!
* * * LOW HITPOINT WARNING * * *
A wight comes into view.
It is wielding a dire flail of protection.
The orc wizard hits you with a dagger.
* * * LOW HITPOINT WARNING * * *
You hit the orc priest but do no damage.
You drain the orc priest!
The orc priest is almost dead.
The orc priest calls down the wrath of Beogh upon you.
Beogh smites you!
You die...

#.. .. #.# .z#.#
#.#...#.# #.#......
....>...#
..#####.#...###
......oo)......
#@....... ..
#.....### #..
#.....###
#..#####........
................
.............###
##.......#.....+...
#.......#+#+###...
#.................


You could see a wight, an orc priest and an orc wizard.

Vanquished Creatures
  Sigmund (D:2)
  An ice beast (D:5)
  An ogre (D:4)
  A crimson imp (D:5)
  A bullfrog zombie (D:5)
  A centaur skeleton (D:5)
  5 hounds
  A jelly (D:5)
  An orc wizard (D:6)
  Jessica (D:2)
  Terence (D:3)
  An iguana (D:4)
  A worker ant (D:4)
  A hound zombie (D:6)
  A hound skeleton (D:4)
  A howler monkey skeleton (D:5)
  4 adders
  2 shadow imps (D:5)
  3 oozes (D:1)
  An adder skeleton (D:4)
  A worm (D:3)
  A dart slug (D:1)
  3 leopard geckos
  14 orcs
  4 giant cockroaches
  9 goblins
  6 hobgoblins
  7 jackals
  A quokka (D:3)
  A ball python (D:3)
  3 bats
  7 frilled lizards
  A jackal skeleton (D:4)
  7 kobolds
  8 rats
103 creatures vanquished.

Vanquished Creatures (collateral kills)
  A bullfrog (D:5)
  A centaur skeleton (D:5)
2 creatures vanquished.

Grand Total: 105 creatures vanquished

Notes
Turn   | Place    | Note
-------+----------+-------------------------------------------
     0 | D:1      | Amnesiac the Spriggan Transmuter began the quest for the Orb.
     0 | D:1      | Reached XP level 1. HP: 9/9 MP: 5/5
   261 | D:1      | Reached skill level 1 in Fighting
   298 | D:1      | Reached XP level 2. HP: 13/14 MP: 6/6
   302 | D:1      | Learned a level 2 spell: Sticks to Snakes
  1090 | D:1      | Reached XP level 3. HP: 11/18 MP: 6/8
  1567 | D:2      | Reached skill level 1 in Short Blades
  1588 | D:2      | Noticed Jessica
  1594 | D:2      | Killed Jessica
  1594 | D:2      | Reached skill level 1 in Stealth
  1969 | D:2      | Noticed Sigmund
  1983 | D:2      | Killed Sigmund
  1983 | D:2      | Reached XP level 4. HP: 5/22 MP: 9/11
  1983 | D:2      | Reached XP level 5. HP: 6/25 MP: 9/12
  2636 | D:3      | Found a stormy altar of Qazlal.
  2701 | D:3      | Found an ancient bone altar of Kikubaaqudgha.
  2985 | D:3      | Found a runed door.
  3017 | D:3      | Reached XP level 6. HP: 28/30 MP: 13/13
  3093 | D:3      | Noticed Terence
  3141 | D:3      | Killed Terence
  3225 | D:3      | Found a burning altar of Makhleb.
  3225 | D:3      | Noticed an Executioner
  3297 | D:3      | Noticed Hebeh's ghost (amateur MiFi)
  3715 | D:4      | Found a staircase to the Ecumenical Temple.
  3729 | Temple   | Entered the Ecumenical Temple
  3926 | Temple   | Became a worshipper of Ru the Awakened
  4046 | D:4      | Found a bloodstained altar of Trog.
  4134 | D:4      | Got a translucent short sword
  4135 | D:4      | Identified the cursed +3 short sword "Undertaker" {pierce, *Noise rElec rN++ Str+2} (You found it on level 4 of the Dungeon)
  4165 | D:4      | Reached skill level 5 in Short Blades
  4165 | D:4      | Reached skill level 5 in Stealth
  4165 | D:4      | Reached skill level 5 in Spellcasting
  4165 | D:4      | Reached XP level 7. HP: 26/33 MP: 15/15
  4317 | D:5      | Entered Level 5 of the Dungeon
  4334 | D:5      | Found a shattered altar of Ashenzari.
  4859 | D:5      | Found a glowing golden altar of the Shining One.
  5350 | D:6      | Reached XP level 8. HP: 25/37 MP: 16/18
  5418 | D:6      | Killed from afar by an orc priest

Vault maps used:
D:1:      onia_arrival_handbag
D:2:      uniq_sigmund, uniq_jessica
D:3:      makhleb_altar_promises_db, old_standard_altar, first_ration,
          gammafunk_ghost_grave, nicolae_qazlal_general_emergency, uniq_terence
D:4:      temple_hall, serial_glass, glass_columns_b, glass_columns_a,
          trog_hazing_becter
D:5:      nicolae_ashenzari_panopticon, nicolae_tso_carved_into_rock
D:6:      uniq_menkaure
Temple:   eino_narrow_crystal_temple

Skill      XL: |  1  2  3  4  5  6  7 |
---------------+----------------------+-----
Fighting       | 1 |  1.0
Dodging        | 4 |  4.5
Transmutations | 3 |  3.0
Spellcasting   | 3 4 5 6 |  6.0
Short Blades   | 3 5 6 |  6.6
Stealth        | 3 5 6 |  6.6
Unarmed Combat | |  2.4

Action                   |  1- 3 |  4- 6 |  7- 9 || total
-------------------------+-------+-------+-------++-------
Melee: Dagger            |    96 |   225 |   155 ||   476
       Unarmed           |     7 |       |       ||     7
       Kick              |     2 |       |       ||     2
       Headbutt          |     2 |       |       ||     2
       Punch             |       |     3 |     2 ||     5
 Cast: Beastly Appendage |     3 |       |       ||     3
       Sticks to Snakes  |       |     2 |     4 ||     6
  Use: Scroll            |       |     1 |       ||     1
 Stab: Sleeping          |     3 |     2 |     3 ||     8
       Distracted        |       |       |     2 ||     2
  Eat: Ration            |       |     3 |       ||     3
Armor: Robe              |     6 |    18 |     7 ||    31
Dodge: Dodged            |    63 |   211 |   100 ||   374

Table legend:
 A = Spawn XP
 B = Non-spawn XP
 C = Spawn XP percentage of total XP
 D = Spawn monster count
 E = Non-spawn monster count
 F = Spawn count percentage of total count
 G = Total turns spent on level
                    A         B        C        D         E        F      G
               +---------+---------+-------+---------+---------+-------+---------
         Total |       0 |    1451 |   0.0 |       0 |     105 |   0.0 |  5418
               +---------+---------+-------+---------+---------+-------+---------
           D:1 |       0 |      55 |   0.0 |       0 |      24 |   0.0 |  1501
           D:2 |       0 |     273 |   0.0 |       0 |       9 |   0.0 |  1133
           D:3 |       0 |     106 |   0.0 |       0 |      24 |   0.0 |   762
           D:4 |       0 |     328 |   0.0 |       0 |      19 |   0.0 |   807
           D:5 |       0 |     612 |   0.0 |       0 |      21 |   0.0 |   847
           D:6 |       0 |      77 |   0.0 |       0 |       8 |   0.0 |   162
               +---------+---------+-------+---------+---------+-------+---------
